 Dungeon Crawl Stone Soup version 0.29.0-15-g675c0067aa (webtiles) character file.

Game seed: 324802321854021052

552 sausages the Conjurer (level 7, -2/55 HPs)
             Began as a Deep Elf Conjurer on Sept 11, 2022.
             Slain by a killer bee (7 damage)
             ... on level 5 of the Dungeon.
             The game lasted 00:07:50 (4260 turns).

sausages the Conjurer (Deep Elf Conjurer)           Turns: 4260, Time: 00:07:50

Health: -2/55      AC: 23    Str:  4    XL:     7   Next: 8%
Magic:  6/18       EV:  2    Int: 25    God:
Gold:   160        SH:  5    Dex: 19    Spells: 7/18 levels left

rFire   . . .      SeeInvis .   r - +3 dagger (protect)
rCold   . . .      Faith    .   (no shield)
rNeg    . . .      Spirit   .   (body armour currently unavailable)
rPois   +          Reflect  +   (helmet currently unavailable)
rElec   .          Harm     .   (cloak currently unavailable)
rCorr   .          Rampage  .   (gloves currently unavailable)
Will    +....      NoTele   +   (boots currently unavailable)
Stlth   ++........              t - amulet of reflection
HPRegen 0.18/turn               j - ring of Youthful Indiscretion {Will+ Dex+6}
MPRegen 0.16/turn               y - +4 ring of slaying

@: mighty, tree-form
A: stationary, stasis, torment immunity, boosted hp
a: no special abilities


You were on level 5 of the Dungeon.
You were a tree.
You visited 2 branches of the dungeon, and saw 6 of its levels.

You collected 160 gold pieces.

Inventory:

Hand Weapons
 m - a +0 quarterstaff
 r - a +3 dagger of protection (weapon)
Missiles
 x - 4 throwing nets
Armour
 a - a +0 robe (melded)
Jewellery
 j - the ring of Youthful Indiscretion (left branch) {Will+ Dex+6}
   (You found it on level 2 of the Dungeon)

   [ring of dexterity]

   Dex:       It affects your dexterity (+6).
   Will:      It increases your willpower.
 t - an amulet of reflection (around neck)
 y - a +4 ring of slaying (right branch)
Wands
 p - a wand of paralysis (4)
 v - a wand of mindburst (15)
 w - a wand of roots (11)
Scrolls
 d - a scroll of teleportation
 f - a scroll of blinking
 g - a scroll of brand weapon {unknown}
 h - a scroll of noise {unknown}
 i - 4 scrolls of identify
 k - a scroll of summoning {unknown}
 l - a scroll of enchant weapon {unknown}
 n - a scroll of poison {unknown}
 o - a scroll of vulnerability {unknown}
 u - a scroll of enchant armour {unknown}
Potions
 b - 3 potions of magic
 c - a potion of haste


   Skills:
 + Level 0.9 Fighting
 + Level 2.9 Dodging
 - Level 2.4 Stealth
 * Level 6.4 Spellcasting
 * Level 7.7 Conjurations


You had 7 spell levels left.
You knew the following spells:

 Your Spells              Type           Power      Damage    Failure   Level
a - Magic Dart            Conj           100%       1d8       1%          1
b - Searing Ray           Conj           92%        2d7       1%          2
c - Fulminant Prism       Conj/Hex       13%        3d9       14%         4
d - Iskenderun's Mystic   Conj/Tloc      27%        2d7       14%         4

Your spell library contained the following spells:

 Spells                   Type           Power      Damage    Failure   Level
 Dazzling Flash           Conj/Hex       54%        N/A       4%          3


Dungeon Overview and Level Annotations

Branches:
Dungeon (5/15)             Temple (1/1) D:4

Altars:
Ashenzari
Cheibriados
Dithmenos
Gozag
Hepliaklqana
Makhleb
Nemelex Xobeh
Okawaru
Qazlal
Ru
Uskayaw
Wu Jian
Xom
Yredelemnul
The Shining One

Annotations:
D:3 1 runed translucent door, Crazy Yiuf


Message History

The killer bee stings you but does no damage.
The quokka misses you. The killer bee barely misses you.
You block the killer bee's attack.
Your magical contamination has completely faded away.
It was a potion of lignification.
You turn into a tree.
Your +0 robe melds into your body.
Your roots penetrate the ground.
You feel strangely stable.
* * * LOW HITPOINT WARNING * * *
You feel sick. You block the killer bee's attack.
The killer bee stings you but does no damage.
You block the killer bee's attack.
The quokka bites you but does no damage.
A scorpion comes into view.
The killer bee stings you but does no damage. x2
The killer bee barely misses you.
It was a potion of might.
You feel very mighty all of a sudden.
* * * LOW HITPOINT WARNING * * *
You feel sick.
The killer bee stings you but does no damage. x2
A killer bee comes into view.
The killer bee stings you but does no damage.
The quokka bites you but does no damage.
The killer bee stings you but does no damage. x3
You miss the killer bee.
The killer bee is moderately wounded.
You feel sick.
The killer bee stings you but does no damage. x2
You block the killer bee's attack. The quokka bites you.
* * * LOW HITPOINT WARNING * * *
The killer bee stings you but does no damage. x2
It was a potion of curing.
You feel better.
The killer bee stings you but does no damage.
The killer bee stings you.
* * * LOW HITPOINT WARNING * * *
You block the killer bee's attack.
The killer bee stings you but does no damage.
The quokka bites you but does no damage.
The killer bee stings you!
You die...

...........#
...........#
...........#
..)........# #
#.s.......##..
.#....).......#
....y$yr......#
#.y♣......# #
#.yy......#
#..###.####.##
#....<.#
#...#### #..
... .##


You could see a scorpion (wandering), 5 killer bees and a quokka.

Vanquished Creatures
  Grinder (D:3)
  A hound (D:4)
  A jelly (D:4)
  An iguana (D:4)
  Jessica (D:3)
  Ijyb (D:4)
  Terence (D:2)
  2 orc wizards
  3 adders
  4 gnolls (D:4)
  A dart slug (D:2)
  11 orcs
  6 endoplasms
  A giant cockroach (D:1)
  6 goblins
  4 hobgoblins
  8 kobolds
  A quokka (D:2)
  3 ball pythons
  6 bats
  4 frilled lizards
  5 rats
72 creatures vanquished.

Vanquished Creatures (others)
  7 fulminant prisms
7 creatures vanquished.

Grand Total: 79 creatures vanquished

Notes
Turn   | Place    | Note
-------+----------+-------------------------------------------
     0 | D:1      | sausages the Deep Elf Conjurer began the quest for the Orb.
     0 | D:1      | Reached XP level 1. HP: 10/10 MP: 6/6
   185 | D:1      | Reached XP level 2. HP: 11/15 MP: 0/8
   580 | D:1      | Reached skill level 5 in Conjurations
   891 | D:2      | Learned a level 2 spell: Searing Ray
   948 | D:2      | Reached XP level 3. HP: 19/19 MP: 6/10
   953 | D:2      | Noticed Terence
  1155 | D:2      | Killed Terence
  1156 | D:2      | Reached XP level 4. HP: 19/24 MP: 1/12
  1266 | D:2      | Learned a level 4 spell: Fulminant Prism
  1271 | D:2      | Learned a level 4 spell: Iskenderun's Mystic Blast
  1453 | D:2      | Identified the ring of Youthful Indiscretion {Will+ Dex+6}
  1856 | D:3      | Noticed Grinder
  2025 | D:3      | Paralysed by Grinder for 2 turns
  2031 | D:3      | Killed Grinder
  2032 | D:3      | Reached skill level 5 in Spellcasting
  2032 | D:3      | Reached skill level 7 in Conjurations
  2032 | D:3      | Reached XP level 5. HP: 25/28 MP: 2/14
  2032 | D:3      | Reached XP level 6. HP: 29/32 MP: 2/16
  2268 | D:3      | Noticed Jessica
  2270 | D:3      | Killed Jessica
  2293 | D:3      | Found a runed translucent door.
  2294 | D:3      | Noticed Crazy Yiuf
  3051 | D:4      | Found a staircase to the Ecumenical Temple.
  3078 | Temple   | Entered the Ecumenical Temple
  3292 | D:4      | Identified the +3 scale mail "Mepnin" {+Inv rElec rF-
                  | Str+4}
  3346 | D:4      | Noticed Ijyb
  3350 | D:4      | Killed Ijyb
  3876 | D:4      | Reached XP level 7. HP: 37/37 MP: 7/18
  3942 | D:4      | Found an iron altar of Okawaru.
  4228 | D:5      | Entered Level 5 of the Dungeon
  4260 | D:5      | Slain by a killer bee

Illustrated notes

Levels and vault maps discovered:
D:1:      heliophobic_arrival_enchanted_forest, layout_basic
D:2:      layout_rooms, minmay_tall_x, uniq_terence
D:3:      layout_rooms, uniq_jessica, uniq_grinder, uniq_crazy_yiuf_cottage
D:4:      layout_basic, lemuel_tele_altar, minmay_temple_entry_antechambers,
          uniq_ijyb
D:5:      gammafunk_steamed_eel, layout_rooms
Temple:   eino_temple_lava

Skill      XL: |  1  2  3  4  5  6 |
---------------+-------------------+-----
Conjurations   | 5 7 |  7.7
Spellcasting   | 4 5 6 |  6.4
Fighting       | |  0.9
Dodging        | |  2.9
Stealth        | |  2.4

Action                   |  1- 3 |  4- 6 |  7- 9 || total
-------------------------+-------+-------+-------++-------
Melee: Unarmed           |     3 |       |       ||     3
       Dagger            |       |       |     8 ||     8
 Cast: Magic Dart        |    52 |    71 |     6 ||   129
       Searing Ray       |     4 |     7 |       ||    11
       Fulminant Prism   |       |     6 |     1 ||     7
  Use: Scroll            |     2 |       |     1 ||     3
       Potion            |       |       |     3 ||     3
Armor: Robe              |     2 |     1 |     8 ||    11
       Skin              |       |       |    18 ||    18
Dodge: Dodged            |     9 |     4 |    13 ||    26
Block: Other             |       |       |     6 ||     6
